TOP OF THE 1ST |
Jeffersonville-Youngsville Central HS Trojans batting - Pitching for Maize HS : RHP Bernardo Márquez
|
Pitching: RHP Bernardo Márquez
|
|
Batting: LHB Tony Chávez
|
0-0: SINGLE (Line Drive, 6M)
|
Batting: RHB Bob Perkins
|
0-0: Called Strike 0-1: Ball 1-1: Fly out, F6 (Popup, 56D)
|
Batting: LHB Steve Parker
|
0-0: Ball Tony Chávez is caught stealing 2nd base 1-0: Called Strike 1-1: Foul Ball, location: 2F 1-2: Ball 2-2: Ball 3-2: Reached on error, E4 (Popup, 34)
|
Batting: LHB Ed Williams
|
0-0: SINGLE (Groundball, 4D) Steve Parker to second Runner from 2nd tries for 3rd, SAFE, throw made to third
|
Batting: RHB Howard Gunther
|
0-0: Called Strike 0-1: Swinging Strike 0-2: Strikes out swinging
|
Top of the 1st over - 0 runs, 2 hits, 1 error, 2 left on base; Jeffersonville-Youngsville Central HS 0 - Maize HS 0 |
BOTTOM OF THE 1ST |
Maize HS batting - Pitching for Jeffersonville-Youngsville Central HS Trojans : LHP Ray Anderson
|
Pitching: LHP Ray Anderson
|
|
Batting: LHB Terry Manning
|
0-0: SINGLE (Flyball, 89M)
|
Batting: LHB Edward St. John
|
0-0: Ball 1-0: Ball 2-0: Foul Ball, location: 2F 2-1: Ball 3-1: Base on Balls Terry Manning to second
|
Batting: LHB Scot Godwin
|
0-0: Ball 1-0: Called Strike 1-1: Foul Ball, location: 2F 1-2: DOUBLE (Line Drive, 9LM) Terry Manning scores Edward St. John to third
|
Batting: RHB David Cox
|
0-0: Called Strike 0-1: Ball 1-1: Foul Ball, location: 2F 1-2: Foul Ball, location: 2F 1-2: Foul Ball, location: 2F 1-2: Ball 2-2: Foul Ball, location: 2F 2-2: Strikes out swinging
|
Batting: LHB Matthis Michaud
|
0-0: Called Strike 0-1: Ball 1-1: Ball 2-1: Swinging Strike 2-2: Reached via error on a dropped throw, E1 Edward St. John scores Scot Godwin to third
|
Batting: RHB José Ramírez
|
0-0: Ball 1-0: Ball 2-0: Ball 3-0: Called Strike 3-1: Called Strike 3-2: Strikes out swinging
|
Batting: RHB Calvin Storey
|
0-0: Called Strike 0-1: Called Strike 0-2: Ball 1-2: Ball 2-2: Foul Ball, location: 2F 2-2: Ball 3-2: Foul Ball, location: 2F 3-2: Foul Ball, location: 2F 3-2: Foul Ball, location: 2F 3-2: Strikes out swinging
|
Bottom of the 1st over - 2 runs, 2 hits, 1 error, 2 left on base; Jeffersonville-Youngsville Central HS 0 - Maize HS 2 |
TOP OF THE 2ND |
Jeffersonville-Youngsville Central HS Trojans batting - Pitching for Maize HS : RHP Bernardo Márquez
|
Batting: RHB Jeff Valentine
|
0-0: Ball 1-0: Ball 2-0: Ball 3-0: Called Strike 3-1: Ground out 6-3 (Groundball, 6M)
|
Batting: RHB Myron Preston
|
0-0: Ball 1-0: Ball 2-0: Ball 3-0: Base on Balls
|
Batting: RHB Vicente Ortíz
|
0-0: Called Strike 0-1: Ball 1-1: Foul Ball, location: 2F 1-2: Foul Ball, location: 2F 1-2: Strikes out swinging
|
Batting: RHB John Goudie
|
0-0: 2-RUN HOME RUN (Flyball, 7LD), Distance : 366 ft
|
Batting: LHB Tony Chávez
|
0-0: Ball 1-0: Ball 2-0: Ball 3-0: Base on Balls
|
Batting: RHB Bob Perkins
|
0-0: Ball 1-0: Swinging Strike 1-1: Ball 2-1: SINGLE (Groundball, 6MD) Tony Chávez to second Runner from 2nd tries for 3rd, SAFE, no throw
|
Batting: LHB Steve Parker
|
0-0: Called Strike 0-1: Ball 1-1: Ball 2-1: Foul Ball, location: 2F 2-2: Ball 3-2: Base on Balls Bob Perkins to second
|
Batting: LHB Ed Williams
|
0-0: Ball 1-0: DOUBLE (Flyball, 89D) Tony Chávez scores Bob Perkins scores Steve Parker to third Runner from 3rd tries for Home, SAFE, throw made at trailing runner, OUT at third!
|
Top of the 2nd over - 5 runs, 3 hits, 0 errors, 0 left on base; Jeffersonville-Youngsville Central HS 5 - Maize HS 2 |
BOTTOM OF THE 2ND |
Maize HS batting - Pitching for Jeffersonville-Youngsville Central HS Trojans : LHP Ray Anderson
|
Batting: SHB Robbie Trudel
|
0-0: Called Strike 0-1: Ball 1-1: Foul Ball, location: 2F 1-2: Ball 2-2: Ball 3-2: Reached on error, E5 (Groundball, 56)
|
Batting: SHB Armando Guzmán
|
0-0: Ball 1-0: Ball 2-0: Called Strike 2-1: Foul Ball, location: 2F 2-2: Grounds into double play, 1-6-3 (Groundball, P)
|
Batting: LHB Terry Manning
|
0-0: Ball 1-0: Foul Ball, location: 2F 1-1: Swinging Strike 1-2: Ground out 4-3 (Groundball, 34)
|
Bottom of the 2nd over - 0 runs, 0 hits, 1 error, 0 left on base; Jeffersonville-Youngsville Central HS 5 - Maize HS 2 |
TOP OF THE 3RD |
Jeffersonville-Youngsville Central HS Trojans batting - Pitching for Maize HS : RHP Bernardo Márquez
|
Batting: RHB Howard Gunther
|
0-0: Foul Ball, location: 2F 0-1: Ball 1-1: Foul Ball, location: 2F 1-2: Strikes out swinging, 2-3 out at first.
|
Batting: RHB Jeff Valentine
|
0-0: Ball 1-0: Foul Ball, location: 2F 1-1: Ball 2-1: Ball 3-1: DOUBLE (Line Drive, 8LD)
|
Batting: RHB Myron Preston
|
0-0: Ball 1-0: Ball 2-0: DOUBLE (Line Drive, 7LD) Jeff Valentine scores
|
Batting: RHB Vicente Ortíz
|
0-0: Ball 1-0: Called Strike 1-1: Called Strike 1-2: Strikes out looking
|
Batting: RHB John Goudie
|
0-0: Called Strike 0-1: Ball 1-1: Swinging Strike 1-2: Fly out, F8 (Flyball, 8LM)
|
Top of the 3rd over - 1 run, 2 hits, 0 errors, 1 left on base; Jeffersonville-Youngsville Central HS 6 - Maize HS 2 |
BOTTOM OF THE 3RD |
Maize HS batting - Pitching for Jeffersonville-Youngsville Central HS Trojans : LHP Ray Anderson
|
Batting: LHB Edward St. John
|
0-0: Ball 1-0: Ball 2-0: Called Strike 2-1: Foul Ball, location: 2F 2-2: Fly out, F2 (Popup, 25F)
|
Batting: LHB Scot Godwin
|
0-0: Called Strike 0-1: Ball 1-1: Called Strike 1-2: Ball 2-2: Strikes out looking
|
Batting: RHB David Cox
|
0-0: Called Strike 0-1: Fly out, F9 (Flyball, 89D)
|
Bottom of the 3rd over - 0 runs, 0 hits, 0 errors, 0 left on base; Jeffersonville-Youngsville Central HS 6 - Maize HS 2 |
TOP OF THE 4TH |
Jeffersonville-Youngsville Central HS Trojans batting - Pitching for Maize HS : RHP Bernardo Márquez
|
Batting: LHB Tony Chávez
|
0-0: Called Strike 0-1: Ground out U3 (Groundball, 3)
|
Batting: RHB Bob Perkins
|
0-0: Called Strike 0-1: Foul Ball, location: 2F 0-2: Ball 1-2: Ball 2-2: Foul Ball, location: 2F 2-2: SINGLE (Groundball, 4D)
|
Batting: LHB Steve Parker
|
0-0: Swinging Strike 0-1: Called Strike 0-2: Foul Ball, location: 2F 0-2: Ball 1-2: Grounds into double play, 6-4-3 (Groundball, 6)
|
Top of the 4th over - 0 runs, 1 hit, 0 errors, 0 left on base; Jeffersonville-Youngsville Central HS 6 - Maize HS 2 |
BOTTOM OF THE 4TH |
Maize HS batting - Pitching for Jeffersonville-Youngsville Central HS Trojans : LHP Ray Anderson
|
Batting: LHB Matthis Michaud
|
0-0: Ball 1-0: Foul Ball, location: 2F 1-1: SINGLE (Groundball, 6MD)
|
Batting: RHB José Ramírez
|
0-0: Ball 1-0: 2-RUN HOME RUN (Flyball, 78XD), Distance : 427 ft
|
Batting: RHB Calvin Storey
|
0-0: Ground out 4-3 (Groundball, 4)
|
Batting: SHB Robbie Trudel
|
0-0: Ball 1-0: Swinging Strike 1-1: SINGLE (Groundball, 5S) (infield hit)
|
Batting: SHB Armando Guzmán
|
0-0: Ball 1-0: Ball 2-0: Grounds into double play, 4-6-3 (Groundball, 4)
|
Bottom of the 4th over - 2 runs, 3 hits, 0 errors, 0 left on base; Jeffersonville-Youngsville Central HS 6 - Maize HS 4 |
TOP OF THE 5TH |
Jeffersonville-Youngsville Central HS Trojans batting - Pitching for Maize HS : RHP Bernardo Márquez
|
Batting: LHB Ed Williams
|
0-0: Called Strike 0-1: Called Strike 0-2: Ball 1-2: Ball 2-2: Foul Ball, location: 2F 2-2: Strikes out swinging
|
Pitching: LHP Eric Milligan
|
|
Batting: RHB Howard Gunther
|
0-0: Foul Ball, location: 2F 0-1: Foul Ball, location: 2F 0-2: Ball 1-2: Foul Ball, location: 2F 1-2: Ball 2-2: Fly out, F4 (Popup, 4M)
|
Batting: RHB Jeff Valentine
|
0-0: Called Strike 0-1: Ball 1-1: Foul Ball, location: 2F 1-2: Foul Ball, location: 2F 1-2: Ball 2-2: Strikes out swinging
|
Top of the 5th over - 0 runs, 0 hits, 0 errors, 0 left on base; Jeffersonville-Youngsville Central HS 6 - Maize HS 4 |
BOTTOM OF THE 5TH |
Maize HS batting - Pitching for Jeffersonville-Youngsville Central HS Trojans : LHP Ray Anderson
|
Batting: LHB Terry Manning
|
0-0: Ball 1-0: Ball 2-0: Swinging Strike 2-1: Swinging Strike 2-2: Fly out, F7 (Flyball, 78S)
|
Pitching: RHP Claudio López
|
|
Batting: LHB Edward St. John
|
0-0: Ball 1-0: SINGLE (Groundball, 4MD)
|
Batting: LHB Scot Godwin
|
0-0: Ball 1-0: Called Strike 1-1: Swinging Strike 1-2: Strikes out swinging
|
Batting: RHB David Cox
|
0-0: Ball 1-0: Ball 2-0: Ball 3-0: Base on Balls Edward St. John to second
|
Batting: LHB Matthis Michaud
|
0-0: Ball 1-0: Called Strike 1-1: Ball 2-1: 3-RUN HOME RUN (Flyball, 9D), Distance : 407 ft
|
Pitching: RHP Phil Rivera
|
|
Batting: RHB José Ramírez
|
0-0: Called Strike 0-1: Called Strike 0-2: Strikes out swinging
|
Bottom of the 5th over - 3 runs, 2 hits, 0 errors, 0 left on base; Jeffersonville-Youngsville Central HS 6 - Maize HS 7 |
TOP OF THE 6TH |
Jeffersonville-Youngsville Central HS Trojans batting - Pitching for Maize HS : LHP Eric Milligan
|
Batting: RHB Myron Preston
|
0-0: Ball 1-0: Ball 2-0: Swinging Strike 2-1: Called Strike 2-2: Ball 3-2: Base on Balls
|
Batting: RHB Vicente Ortíz
|
0-0: Ball 1-0: Ball 2-0: Grounds into double play, 1-6-3 (Groundball, P)
|
Batting: RHB John Goudie
|
0-0: Ball 1-0: SINGLE (Flyball, 78S)
|
Batting: LHB Tony Chávez
|
0-0: Fly out, F7 (Flyball, 78M)
|
Top of the 6th over - 0 runs, 1 hit, 0 errors, 1 left on base; Jeffersonville-Youngsville Central HS 6 - Maize HS 7 |
BOTTOM OF THE 6TH |
Maize HS batting - Pitching for Jeffersonville-Youngsville Central HS Trojans : RHP Phil Rivera
|
Batting: RHB Calvin Storey
|
0-0: Ball 1-0: Ground out 6-3 (Groundball, 6)
|
Batting: SHB Robbie Trudel
|
0-0: Foul Ball, location: 2F 0-1: Foul Ball, location: 2F 0-2: Foul Ball, location: 2F 0-2: Ball 1-2: Foul Ball, location: 2F 1-2: Ball 2-2: Foul Ball, location: 2F 2-2: Fly out, F3 (Popup, 3F)
|
Batting: SHB Armando Guzmán
|
0-0: Called Strike 0-1: Ball 1-1: Ball 2-1: Foul Ball, location: 2F 2-2: Strikes out swinging
|
Bottom of the 6th over - 0 runs, 0 hits, 0 errors, 0 left on base; Jeffersonville-Youngsville Central HS 6 - Maize HS 7 |
TOP OF THE 7TH |
Jeffersonville-Youngsville Central HS Trojans batting - Pitching for Maize HS : LHP Eric Milligan
|
Batting: RHB Bob Perkins
|
0-0: Foul Ball, location: 2F 0-1: Called Strike 0-2: Ball 1-2: Strikes out swinging
|
Batting: LHB Steve Parker
|
0-0: Ball 1-0: Called Strike 1-1: Ball 2-1: Ball 3-1: Swinging Strike 3-2: Fly out, F7 (Flyball, 7LDF)
|
Batting: LHB Ed Williams
|
0-0: Called Strike 0-1: Ball 1-1: Ball 2-1: Ground out 4-3 (Groundball, 4D)
|
Top of the 7th over - 0 runs, 0 hits, 0 errors, 0 left on base; Jeffersonville-Youngsville Central HS 6 - Maize HS 7 |
BOTTOM OF THE 7TH |
Maize HS batting - Pitching for Jeffersonville-Youngsville Central HS Trojans : RHP Phil Rivera
|
Pitching: LHP Derek Chipman
|
|
Batting: LHB Terry Manning
|
0-0: Ball 1-0: Called Strike 1-1: Swinging Strike 1-2: Strikes out looking
|
Batting: LHB Edward St. John
|
0-0: Ball 1-0: Ball Error on foul ball, E2 2-1: Called Strike 2-2: SINGLE (Groundball, 4MD)
|
Batting: LHB Scot Godwin
|
0-0: Called Strike 0-1: Ball 1-1: Ball 2-1: SINGLE (Line Drive, 8LS) Edward St. John to second
|
Pitching: RHP Brian Brewer
|
|
Batting: RHB David Cox
|
0-0: Called Strike Edward St. John steals 3rd base Scot Godwin to second 0-1: Swinging Strike 0-2: Ball 1-2: Ball 2-2: Ball 3-2: Base on Balls
|
Batting: LHB Matthis Michaud
|
0-0: Ball 1-0: Grounds into fielders choice 6-2 (Groundball, 56S) Scot Godwin to third David Cox to second
|
Batting: RHB José Ramírez
|
0-0: Ball 1-0: Ball 2-0: Ball 3-0: Called Strike 3-1: Base on Balls Scot Godwin scores David Cox to third Matthis Michaud to second
|
Batting: RHB Calvin Storey
|
0-0: SINGLE (Line Drive, 56D) David Cox scores Matthis Michaud to third José Ramírez to second
|
Batting: SHB Robbie Trudel
|
0-0: Foul Ball, location: 2F 0-1: Ball 1-1: Ball 2-1: Ball 3-1: Base on Balls Matthis Michaud scores José Ramírez to third Calvin Storey to second
|
Pitching: RHP Marvin Weaver
|
|
Batting: SHB Armando Guzmán
|
0-0: Foul Ball, location: 2F 0-1: Fly out, F8 (Flyball, 8RD)
|
Bottom of the 7th over - 3 runs, 3 hits, 1 error, 3 left on base; Jeffersonville-Youngsville Central HS 6 - Maize HS 10 |
TOP OF THE 8TH |
Jeffersonville-Youngsville Central HS Trojans batting - Pitching for Maize HS : LHP Eric Milligan
|
Batting: RHB Howard Gunther
|
0-0: Ball 1-0: Ground out 6-3 (Groundball, 6S)
|
Batting: RHB Jeff Valentine
|
0-0: Foul Ball, location: 2F 0-1: Ball 1-1: Swinging Strike 1-2: Foul Ball, location: 2F 1-2: Strikes out swinging
|
Batting: RHB Myron Preston
|
0-0: Called Strike 0-1: Called Strike 0-2: Strikes out swinging
|
Top of the 8th over - 0 runs, 0 hits, 0 errors, 0 left on base; Jeffersonville-Youngsville Central HS 6 - Maize HS 10 |
BOTTOM OF THE 8TH |
Maize HS batting - Pitching for Jeffersonville-Youngsville Central HS Trojans : RHP Marvin Weaver
|
Batting: LHB Terry Manning
|
0-0: Called Strike 0-1: Ball 1-1: Ball 2-1: Ball 3-1: Foul Ball, location: 2F 3-2: Foul Ball, location: 2F 3-2: Base on Balls
|
Batting: LHB Edward St. John
|
0-0: Fly out, F4 (Popup, 4)
|
Batting: LHB Scot Godwin
|
0-0: Ball 1-0: Ball 2-0: Ball 3-0: Base on Balls Terry Manning to second
|
Batting: RHB David Cox
|
0-0: Ball 1-0: Ball 2-0: Foul Ball, location: 2F 2-1: Hit by Pitch Terry Manning to third Scot Godwin to second
|
Batting: LHB Matthis Michaud
|
0-0: Called Strike 0-1: Ball 1-1: Ball 2-1: Ball 3-1: Base on Balls Terry Manning scores Scot Godwin to third David Cox to second
|
Batting: RHB José Ramírez
|
0-0: Ball 1-0: Swinging Strike 1-1: Ball 2-1: Ball 3-1: Foul Ball, location: 2F 3-2: Base on Balls Scot Godwin scores David Cox to third Matthis Michaud to second
|
Batting: RHB Calvin Storey
|
0-0: Ball 1-0: Foul Ball, location: 2F 1-1: Foul Ball, location: 2F 1-2: Strikes out swinging
|
Batting: SHB Robbie Trudel
|
0-0: Ball 1-0: Ball 2-0: Ball Passed Ball! David Cox scores Matthis Michaud to third José Ramírez to second 3-0: Base on Balls
|
Batting: SHB Armando Guzmán
|
0-0: Called Strike 0-1: Foul Ball, location: 2F 0-2: Ground out 2-3 (Groundball, 13S)
|
Bottom of the 8th over - 3 runs, 0 hits, 0 errors, 3 left on base; Jeffersonville-Youngsville Central HS 6 - Maize HS 13 |
TOP OF THE 9TH |
Jeffersonville-Youngsville Central HS Trojans batting - Pitching for Maize HS : LHP Eric Milligan
|
Now at SS: Ángelo Cortéz
|
|
Batting: RHB Vicente Ortíz
|
0-0: Ball 1-0: Foul Ball, location: 2F 1-1: Foul Ball, location: 2F 1-2: Foul Ball, location: 2F 1-2: Strikes out looking
|
Batting: RHB John Goudie
|
0-0: Called Strike 0-1: Ball 1-1: Called Strike 1-2: Ball 2-2: Ball 3-2: Foul Ball, location: 2F 3-2: Strikes out swinging
|
Batting: LHB Tony Chávez
|
0-0: Called Strike 0-1: Ball 1-1: Ball 2-1: Ball 3-1: Foul Ball, location: 2F 3-2: Fly out, F6 (Line Drive, 6M)
|
Top of the 9th over - 0 runs, 0 hits, 0 errors, 0 left on base; Jeffersonville-Youngsville Central HS 6 - Maize HS 13 |
|